[Event "Late-Titled-Tuesday-Blitz-May-14-2024"]
[Site "Chess.com"]
[Date "2024.05.14"]
[Round "6"]
[White "GMBenjaminBok"]
[Black "penguingm1"]
[Result "1-0"]
[WhiteElo "3044"]
[BlackElo "2863"]
[TimeControl "180+1"]
[EndTime "15:07:12 PDT"]
[Termination "GMBenjaminBok won on time"]

1. c4 e6 2. g3 d5 3. Bg2 dxc4 4. Qa4+ Bd7 5. Qxc4 Bc6 6. Nf3 Nf6 7. O-O Nbd7 8. d4 Bd5 9. Qd3 c5 10. Nc3 Bc6 11.
e4 cxd4 12. Nxd4 Ne5 13. Qe3 Nfg4 14. Nxc6 Nxc6 15. Qe2 h5 16. Rd1 Qb6 17. h3 Nxf2 18. Be3 Nxd1 19. Bxb6 Nxc3 20. bxc3 axb6 21. e5 h4 22.
gxh4 Rxh4 23. Rf1 Bc5+ 24. Kh2 Rc8 25. Qf3 Nxe5 26. Qxb7 Rd8 27. a4 Kf8 28. Kh1 Rh5 29. Qc7 Rd7 30. Qc8+ Ke7 31. a5 Ng4 32. axb6 Nf2+ 33.
Rxf2 Bxf2 34. b7 Bg3 35. b8=Q Rd1+ 36. Bf1 Bxb8 37. Qxb8 Rxf1+ 38. Kg2 Rff5 39. Qc7+ Kf6 40. Qd8+ Kg6 41. c4 Rf4 42. Qd3+ Kh6 43. Qe3 g5 44. c5 Rhh4 45. c6 Rc4 46. Qe5 Rxc6 47. Qf6+ Kh5 48. Qxf7+ Kh6 49. Qf6+ Kh5 50. Qf3+ Kg6 51.
Qxc6 Kf5 52. Qc5+ Kf6 53. Qf8+ Kg6 54. Qe8+ Kf5 55. Qf7+ Ke5 56. Qg6 Kf4 57. Qf6+ Ke4 58. Qxe6+ Kd3 59. Qd5+ 1-0

[Event "Late-Titled-Tuesday-Blitz-May-14-2024"]
[Site "Chess.com"]
[Date "2024.05.14"]
[Round "6"]
[White "slorovel"]
[Black "GothamChess"]
[Result "1/2-1/2"]
[WhiteElo "2572"]
[BlackElo "2766"]
[TimeControl "180+1"]
[EndTime "15:07:12 PDT"]
[Termination "Game drawn - insufficient material"]

1. e4 d5 2. exd5 Qxd5 3. Nc3 Qa5 4. d4 Nf6 5. Nf3 Bf5 6. Bd3 Bxd3 7. Qxd3 e6 8. O-O c6 9. Bd2 Qa6 10. Qxa6 Nxa6 11. Ne2 Bd6 12. Bf4 Be7 13. a3 O-O 14.
Rfd1 h6 15. c4 Rfd8 16. h3 Rac8 17. b4 b5 18. Rac1 Ne4 19. Ne5 Bf6 20. cxb5 Bxe5 21. dxe5 Rxd1+ 22. Rxd1 cxb5 23. Kf1 Rc2 24. f3 Nc3 25. Rd8+ Kh7 26. Rc8 Nxe2 27. Rxc2 Nxf4 28. Rc8 Nd5 29. Ra8 Nac7 30. Rxa7 Kg6 31. a4 bxa4 32.
Rxa4 Kf5 33. Ra7 g5 34. b5 Nxb5 35. Rxf7+ Kxe5 36. Rh7 Nd4 37. Rxh6 Nf5 38. Rg6 Nde7 39. Rxg5 Kf6 40. f4 Nd6 41. g3 Ne4 42. Rg4 Nf5 43. Kg2 Ne3+ 44. Kf3 Nxg4 45. hxg4 Nd6 46.
g5+ Kg6 47. g4 Kf7 48. Ke3 Nc4+ 49. Kd4 Nd6 50. f5 Nxf5+ 51. gxf5 exf5 52. Ke5 Kg6 53. Kf4 Kg7 54. Kxf5 Kf7 55. g6+ Kg7 56. Kg5 Kg8 57. Kf6 Kf8 58. Ke6 Kg7 59. Kf5 Kg8 60. g7 Kf7 61.
Kg5 Kxg7 1/2-1/2

[Event "Late-Titled-Tuesday-Blitz-May-14-2024"]
[Site "Chess.com"]
[Date "2024.05.14"]
[Round "6"]
[White "patzer-reloaded"]
[Black "Romkachess"]
[Result "0-1"]
[WhiteElo "2380"]
[BlackElo "2583"]
[TimeControl "180+1"]
[EndTime "15:07:13 PDT"]
[Termination "Romkachess won on time"]

1. d3 e5 2. Nf3 Nc6 3. g3 Nf6 4. Bg2 Bd6 5. O-O O-O 6. c4 Re8 7. Nc3 Bf8 8. Nd5 Nxd5 9. cxd5 Nb4 10. e4 d6 11. a3 Na6 12. d4 exd4 13. Nxd4 Nc5 14.
Re1 a5 15. b3 g6 16. Bb2 Bg7 17. Qd2 Qf6 18. Rab1 Qe7 19. b4 axb4 20. axb4 Na4 21. Ba1 Bd7 22. Rbc1 Rec8 23. Rc2 Nb6 24. Rec1 Ba4 25.
Ra2 h5 26. b5 h4 27. Qb4 Qg5 28. f4 Qg4 29. Bf3 Qh3 30. Qe1 hxg3 31. Qxg3 Qxg3+ 32. hxg3 Nd7 33. Bc3 Nc5 34. Rca1 Nb3 35. Rxa4 Nxa1 36.
Rxa1 Rxa1+ 37. Bxa1 Ra8 38. Bc3 Ra3 39. e5 Rxc3 40. Kf2 dxe5 41. Ne2 Rc2 42. d6 cxd6 43. Bxb7 exf4 44. gxf4 Rb2 45. Bc6 Bd4+ 46. Kf3 Bc5 47.
Ng3 f5 48. Ne2 Kg7 49. Bd7 Rb3+ 50. Kg2 Kf6 51. Bc6 g5 52. Kf1 Rb1+ 53. Kg2 Rb2 54. Kf3 g4+ 55. Kg3 Rxe2 56. b6 Rb2 57. b7 Ba7 58. b8=Q Bxb8 59. Bh1 Rb4 0-1

[Event "Late-Titled-Tuesday-Blitz-May-14-2024"]
[Site "Chess.com"]
[Date "2024.05.14"]
[Round "6"]
[White "Mikhail_Golubev"]
[Black "SujanaLohani"]
[Result "0-1"]
[WhiteElo "2594"]
[BlackElo "2105"]
[TimeControl "180+1"]
[EndTime "15:07:14 PDT"]
[Termination "SujanaLohani won on time"]

1. e4 c5 2. Nf3 Nc6 3. Nc3 g6 4. d4 cxd4 5. Nxd4 Bg7 6. Be3 Nf6 7.
Bc4 O-O 8. Bb3 Re8 9. h3 e6 10. O-O d5 11. exd5 Nxd5 12. Nxd5 exd5 13. Qd2 Ne5 14. Rad1 Nc4 15. Bxc4 dxc4 16. Qb4 Qh4 17. Qb5 Bxh3 18. gxh3 Rxe3 19. Qxb7 Qg5+ 20. Qg2 Qxg2+ 21. Kxg2 Re4 22. c3 Rb8 23. Rd2 Bxd4 24. cxd4 Rd8 25.
d5 f5 26. d6 Kf7 27. Rfd1 Rd7 28. Kf3 Ke6 29. Rd5 g5 30. R1d2 h5 31. Ra5 Re5 32. Ra6 g4+ 33. hxg4 fxg4+ 34. Kg3 Rd5 35. Rxd5 Kxd5 36. Ra5+ Kxd6 37. Rxh5 Rb7 38. b3 c3 39. Rh1 Kd5 40. Kf4 Kd4 41. Rd1+ Kc5 42. Ke3 Kb4 43. Rc1 Rd7 44. Rc2 Rd6 45. Ke2 Rd5 46.
Ke3 Rd1 47. Ke2 Rb1 48. Kd3 Rb2 49. Rxb2 cxb2 50. Kc2 Ka3 51. Kb1 a5 0-1

[Event "Late-Titled-Tuesday-Blitz-May-14-2024"]
[Site "Chess.com"]
[Date "2024.05.14"]
[Round "6"]
[White "Flaccidmoves"]
[Black "jinxy2009"]
[Result "1-0"]
[WhiteElo "2437"]
[BlackElo "2300"]
[TimeControl "180+1"]
[EndTime "15:07:14 PDT"]
[Termination "Flaccidmoves won on time"]

1. c4 Nf6 2. Nc3 g6 3. e4 e5 4. Nge2 Bg7 5. g3 O-O 6. Bg2 d6 7. O-O Nc6 8. d3 Ne8 9. Be3 f5 10. exf5 gxf5 11. f4 Nf6 12. Kh1 Bd7 13. Qd2 Qe8 14.
Rae1 Qh5 15. Bg1 Rae8 16. Nd5 e4 17. Nxf6+ Bxf6 18. dxe4 fxe4 19. Nd4 Bh3 20. Nxc6 bxc6 21. b4 Bxg2+ 22. Qxg2 d5 23. g4 Qf7 24. g5 Bc3 25. Re2 Bxb4 26. f5 Bd6 27. Ref2 e3 28. g6 hxg6 29. fxg6 Qg7 30. Rf7 Qh6 31. cxd5 e2 32.
Rxf8+ Rxf8 33. Rxf8+ Bxf8 34. Qxe2 Qxg6 35. dxc6 Qxc6+ 36. Qg2+ Qxg2+ 37. Kxg2 Kg7 38. Kf3 a6 39. Ke4 Kf6 40.
Kd5 Bd6 41. Kc6 Ke5 42. h3 Ke4 43. Ba7 Kd3 44. Bb8 Kc2 45. Bxc7 Be7 46. a4 Kb3 47. a5 Kb4 48. Kb7 Kc5 49. Kxa6 Kc6 50. Bg3 Bf6 51. h4 Bd4 52. h5 Be3 53. Be5 Bh6 54. Bf6 Bf8 55. Bg5 Bh6 56. Bxh6 Kc7 57. Bg7 Kc8 58. h6 Kb8 59. h7 Kc7 60. h8=Q 1-0

[Event "Late-Titled-Tuesday-Blitz-May-14-2024"]
[Site "Chess.com"]
[Date "2024.05.14"]
[Round "6"]
[White "ChessSwole"]
[Black "Mikhail_Bryakin"]
[Result "0-1"]
[WhiteElo "2620"]
[BlackElo "2850"]
[TimeControl "180+1"]
[EndTime "15:07:15 PDT"]
[Termination "Mikhail_Bryakin won on time"]

1. d4 Nf6 2. Nf3 g6 3. Nbd2 d5 4. e3 Bg7 5. b4 O-O 6. Bb2 a5 7. b5 Nbd7 8. c4 c6 9. a4 Ne4 10. Be2 f5 11. O-O e6 12. Rc1 Re8 13. Ne1 Nb6 14.
c5 Nd7 15. Nd3 e5 16. dxe5 Nxe5 17. Nxe5 Bxe5 18. Bxe5 Rxe5 19. Nf3 Re7 20. Qd4 Bd7 21. Rb1 Qe8 22. bxc6 Bxc6 23. Bb5 Rc8 24. Bxc6 bxc6 25.
Rb6 Rec7 26. Rfb1 Qe7 27. Rc1 Rb7 28. h4 Rbc7 29. Ra6 Rb7 30. Rxa5 Rcb8 31. Qe5 Qd7 32.
g3 Rb2 33. Ra8 Rxa8 34. Qxb2 Rxa4 35. Qb8+ Kg7 36. Rb1 Ra7 37. Qe5+ Kh6 38. Ng5 Qc7 39. Qe8 Nxg5 40. hxg5+ Kxg5 41. Kg2 Qd7 42. Qe5 Qe7 43.
Qf4+ Kf6 44. Rb6 Rc7 45. Qh4+ Ke6 46. Qf4 Qd8 47. Qh6 Qf6 48. Qf4 Qe5 49. Qh6 Qe4+ 50. Kh2 Qf3 51. Kg1 d4 52. Qf8 Ra7 53. Qd6+ Kf7 54.
Rb1 dxe3 55. fxe3 Qxe3+ 56. Kh2 Qh6+ 57. Kg1 Qe3+ 58. Kf1 Re7 59. Rb2 Qc1+ 60. Kg2 Qxb2+ 0-1

[Event "Late-Titled-Tuesday-Blitz-May-14-2024"]
[Site "Chess.com"]
[Date "2024.05.14"]
[Round "6"]
[White "gamboajp"]
[Black "RianKapriaga"]
[Result "1/2-1/2"]
[WhiteElo "2030"]
[BlackElo "2282"]
[TimeControl "180+1"]
[EndTime "15:07:16 PDT"]
[Termination "Game drawn by stalemate"]

1. c4 e5 2. Nc3 Nc6 3. g3 d6 4.
Bg2 g6 5. d3 Bg7 6. e4 Be6 7.
Nge2 Qd7 8. h3 h5 9. Be3 f5 10. Qd2 Nge7 11. f4 fxe4 12. Nxe4 exf4 13. Nxf4 O-O-O 14. Nxe6 Qxe6 15. O-O-O Kb8 16. Kb1 Nf5 17. Bf2 Rhf8 18.
Rhe1 Qg8 19. Ng5 Nfd4 20. Bxc6 Nxc6 21. Ne6 a6 22. d4 Qf7 23. Nxf8 Rxf8 24. Be3 Qf5+ 25.
Ka1 Qxh3 26. d5 Ne5 27. Qd4 b6 28. Bf4 Rf5 29. Qe4 Qg4 30. Bxe5 Qxe4 31. Rxe4 Bxe5 32. g4 Rf2 33. Rxe5 dxe5 34. gxh5 gxh5 35. Rh1 Rf6 36.
b3 Rh6 37. Rh4 Kc8 38. Kb2 Kd7 39. Kc3 Ke7 40. Kd3 Rh8 41. Ke4 Kf6 42. b4 Rh7 43. a4 a5 44. bxa5 bxa5 45. c5 Rh8 46. Rh1 h4 47.
Rf1+ Kg5 48. Kxe5 Re8+ 49. Kd4 h3 50. d6 cxd6 51. cxd6 h2 52. Rh1 Re2 53. Kc5 Kf6 54. Kb6 Ke6 55. Kxa5 Kxd6 56. Kb6 Rb2+ 57. Ka6 Rc2 58.
a5 Kc7 59. Ka7 Kc8 60. a6 Kc7 61. Ka8 Kc8 62. a7 Kc7 63. Rxh2 Rxh2 1/2-1/2

[Event "Late-Titled-Tuesday-Blitz-May-14-2024"]
[Site "Chess.com"]
[Date "2024.05.14"]
[Round "6"]
[White "NikitaShnadrygin"]
[Black "MusicCityMaster"]
[Result "1-0"]
[WhiteElo "2766"]
[BlackElo "2469"]
[TimeControl "180+1"]
[EndTime "15:07:18 PDT"]
[Termination "NikitaShnadrygin won by resignation"]

1. e4 e6 2. d4 d5 3. Nd2 Nc6 4. Ngf3 Nf6 5. e5 Nd7 6. Bd3 f6 7. exf6 Qxf6 8. Nf1 Bd6 9. Ne3 O-O 10. Ng4 Qe7 11.
Bg5 Qf7 12. Be3 Nf6 13. Ng5 Qe7 14. Nxf6+ gxf6 15. Bxh7+ Kg7 16. Qh5 Qe8 17. Nxe6+ Qxe6 18. Qh6+ Kf7 19. Bg6+ Ke7 20. O-O-O Bd7 21. Rhe1 Qg4 22.
Bf4+ Kd8 23. Bxd6 Rg8 24. Bh5 Qg5+ 25. Qxg5 Rxg5 26. Bxc7+ Kxc7 27. Bf3 Re8 28. c3 Na5 29. Rxe8 Bxe8 30. h4 Rf5 31. Re1 Bg6 32. b3 Nc6 33. Kd2 Bh5 34. Bxh5 Rxh5 35. g3 Kd7 36. Re3 Ne7 37. Rf3 f5 38. Re3 Ng6 39. Ke2 f4 40.
Rd3 fxg3 41. fxg3 Rf5 42. Rd1 Ke6 43. Rh1 Nf8 44. Ke3 Nh7 45. g4 Rf8 46. g5 Kf5 47. Rf1+ Kg6 48. Rxf8 Nxf8 49. Kf4 Nd7 50. Kg4 b5 51.
h5+ Kf7 52. Kf5 a5 53. h6 Nf8 54. Ke5 Kg6 55. Kxd5 Kxg5 56. Kc5 b4 57. cxb4 axb4 58.
Kxb4 Kxh6 59. Kc5 Kg6 60. a4 Kf7 61. a5 Ke7 62. a6 Nd7+ 63. Kc6 Nb8+ 64. Kb7 Nxa6 65.
Kxa6 Kd6 66. b4 Kd5 67. b5 Kxd4 68. b6 Kd5 69. b7 Kd6 70. b8=Q+ 1-0

[Event "Late-Titled-Tuesday-Blitz-May-14-2024"]
[Site "Chess.com"]
[Date "2024.05.14"]
[Round "6"]
[White "Byniolus"]
[Black "Akhayan"]
[Result "1/2-1/2"]
[WhiteElo "2744"]
[BlackElo "2451"]
[TimeControl "180+1"]
[EndTime "15:07:21 PDT"]
[Termination "Game drawn - insufficient material"]

1. g3 g6 2. d3 Bg7 3. c3 Nf6 4. e3 O-O 5. h3 b6 6. b3 Bb7 7. f3 a5 8. a3 a4 9. b4 c5 10. Ra2 cxb4 11. cxb4 b5 12. d4 Nc6 13. Bxb5 Qb6 14. Be2 e5 15. d5 Nxd5 16. Qxd5 Nxb4 17. Qd2 Nxa2 18. Qxa2 Rfc8 19. Bd2 e4 20. Kf2 Qb3 21. Qxb3 axb3 22. Bb5 Rc2 23. Ne2 exf3 24. Nd4 Rb2 25. Bd3 Ra2 26. Rc1 h5 27. Rc7 Rb8 28. Nxf3 b2 29.
Rxd7 Ra1 30. Bb4 Ba6 31. Nfd2 Bxd3 32. Rxd3 Rc8 33. Bc3 Bxc3 34. Rxc3 Rxc3 35. Nxc3 Rxa3 36. Ndb1 Ra8 37. Ke2 Rd8 38. Nd1 Kg7 39. Nd2 Rb8 40. Nc3 g5 41. Kd3 Kg6 42. Kc2 Rc8 43. Kxb2 h4 44. gxh4 gxh4 45. Kc2 Kf5 46. Kd3 Rd8+ 47. Ke2 Rg8 48. e4+ Kf4 49. Nd5+ Kg3 50. Nf6 Ra8 51.
Ke3 Kxh3 52. Nd5 Ra3+ 53. Kd4 Kg2 54. Nf4+ Kg3 55. Ne2+ Kf2 56. Nf4 h3 57. Nxh3+ Rxh3 58.
Nc4 Rh4 59. Nd6 Rxe4+ 60. Kxe4 f5+ 61. Kxf5 1/2-1/2

[Event "Late-Titled-Tuesday-Blitz-May-14-2024"]
[Site "Chess.com"]
[Date "2024.05.14"]
[Round "6"]
[White "h4parah5"]
[Black "Hikaru"]
[Result "0-1"]
[WhiteElo "3034"]
[BlackElo "3225"]
[TimeControl "180+1"]
[EndTime "15:07:23 PDT"]
[Termination "Hikaru won on time"]

1. Nf3 g6 2. e4 Bg7 3. d4 c6 4. c3 d5 5. Nbd2 dxe4 6. Nxe4 Nf6 7. Nxf6+ exf6 8. Bd3 O-O 9. O-O Qc7 10. Be3 Nd7 11.
Qd2 Nb6 12. Bf4 Qd8 13. h3 Be6 14. Rfe1 Re8 15. b3 a5 16. c4 Bf8 17. Re2 Bd7 18.
Rd1 Rxe2 19. Qxe2 a4 20. Qc2 axb3 21. axb3 Be6 22. Be4 f5 23. Bd3 h6 24. Bd2 Bg7 25.
Bc3 Qf8 26. h4 c5 27. h5 cxd4 28. Nxd4 Bd7 29. Ne2 Bc6 30. Bd4 Nd7 31. Qc3 Nc5 32. Bc2 Ne6 33. Be5 Re8 34. hxg6 fxg6 35. Bxg7 Qxg7 36.
Qxg7+ Kxg7 37. f3 Ra8 38. Kf2 Ra2 39. Rd2 Nc5 40. Ke3 Kf6 41. b4 Ra3+ 42. Kf2 Ne6 43. Rd3 Ra2 44. Rc3 Rb2 45. b5 Be8 46. Ke3 Ra2 47.
Nd4 Nc5 48. f4 b6 49. g3 Bf7 50. Bd3 h5 51. Nb3 Ra3 52. Nxc5 Rxc3 53. Kd4 Rc1 54. Nd7+ Ke7 55. Nxb6 Rg1 56. c5 Rxg3 57. c6 Be6 58. Na4 Kd6 59. Nc5 Bc8 60. Bc4 Rg1 61. Nd3 h4 62. Bd5 Rb1 63. Kc4 h3 0-1

[Event "Late-Titled-Tuesday-Blitz-May-14-2024"]
[Site "Chess.com"]
[Date "2024.05.14"]
[Round "6"]
[White "RantomOpening"]
[Black "Aygehovit1992"]
[Result "0-1"]
[WhiteElo "2584"]
[BlackElo "2842"]
[TimeControl "180+1"]
[EndTime "15:07:23 PDT"]
[Termination "Aygehovit1992 won on time"]

1. c4 g6 2. Nf3 Bg7 3. e4 e5 4. d4 exd4 5. Nxd4 Ne7 6. Nc3 O-O 7.
Be3 Nbc6 8. h4 f5 9. exf5 Bxd4 10. Bxd4 Nxf5 11. Bc5 d6 12. Ba3 Re8+ 13. Be2 Ncd4 14. O-O Nxe2+ 15. Nxe2 Qxh4 16. Re1 Qxc4 17. b3 Qf7 18.
Bb2 Bd7 19. Qd2 Bc6 20. Nd4 Qd5 21. f3 Rxe1+ 22. Rxe1 Re8 23. Rxe8+ Bxe8 24. Qg5 Kf7 25. Nc6 Qc5+ 26. Bd4 Nxd4 27. Qe7+ Kg8 28. Qxe8+ Kg7 29.
Qe7+ Kh6 30. Qh4+ Kg7 31. Qxd4+ Qxd4+ 32. Nxd4 Kf7 33. Kf2 a6 34. Ke3 c5 35. Ne2 Ke6 36. Nf4+ Ke5 37. Nd3+ Kd5 38. Nf4+ Ke5 39. Ne2 b5 40.
Nc3 d5 41. Ne2 d4+ 42. Kd3 a5 43. g3 g5 44. f4+ gxf4 45. Nxf4 h6 46. Ng6+ Kd5 47.
Nf4+ Ke5 48. Ng6+ Kd5 49. Nf4+ Kd6 50. a4 c4+ 51. bxc4 bxa4 52. Kxd4 a3 53. c5+ Kc6 0-1

[Event "Late-Titled-Tuesday-Blitz-May-14-2024"]
[Site "Chess.com"]
[Date "2024.05.14"]
[Round "6"]
[White "nabukatnezarr"]
[Black "WPWPWP-2015"]
[Result "1/2-1/2"]
[WhiteElo "2621"]
[BlackElo "2451"]
[TimeControl "180+1"]
[EndTime "15:07:26 PDT"]
[Termination "Game drawn by repetition"]

1. b3 e5 2. Bb2 Nc6 3. e3 Nf6 4. Bb5 Bd6 5. Ne2 O-O 6. Ng3 Re8 7. d3 a6 8. Bxc6 dxc6 9. e4 c5 10. O-O b6 11. Nd2 Kh8 12. h3 Nd7 13. Nc4 Nf8 14. f4 f6 15. fxe5 Bxe5 16. Nxe5 fxe5 17.
Qh5 Ng6 18. Nf5 Bd7 19. Rf2 Qf6 20. Raf1 Qe6 21. g3 Kg8 22. h4 Rf8 23. Qg4 Rf7 24.
h5 Ne7 25. Nh6+ Qxh6 26. Qxd7 Rxf2 27. Rxf2 Qd6 28. Qg4 Rf8 29. Rxf8+ Kxf8 30. Qg5 Nc6 31. Qf5+ Kg8 32. Qc8+ Kf7 33. Qxa6 Nd4 34. Qc4+ Kf6 35. Bxd4 exd4 36. Kg2 Qe5 37. Qg8 Qxh5 38. Qd8+ Kf7 39. Qxc7+ Kf8 40. Qd8+ Kf7 41. Qc7+ Ke8 42. Qc8+ Ke7 43.
Qb7+ Ke8 44. Qb8+ Ke7 45. Qc7+ Kf8 46. Qf4+ Ke8 47. Qf2 Qg5 48. Qe2 Qg6 49. a4 Qg5 50. e5 Ke7 51. Qe4 Ke6 52. Qc6+ Kxe5 53. Qxb6 Qd2+ 54. Kh3 Qd1 55. Qc7+ Kd5 56. Qd7+ Ke5 57. Qe7+ Kd5 58. Qf7+ Kd6 59. Qf4+ Kd5 60. Qe4+ Kd6 61.
Qf4+ Kd5 62. Qf5+ Kd6 63. Qf4+ 1/2-1/2

[Event "Late-Titled-Tuesday-Blitz-May-14-2024"]
[Site "Chess.com"]
[Date "2024.05.14"]
[Round "6"]
[White "Mops_2004"]
[Black "FairChess_on_YouTube"]
[Result "1/2-1/2"]
[WhiteElo "2842"]
[BlackElo "3066"]
[TimeControl "180+1"]
[EndTime "15:07:28 PDT"]
[Termination "Game drawn by repetition"]

1. g3 d5 2. Nf3 g6 3. Bg2 Bg7 4. d4 c6 5. b3 a5 6. c4 Nf6 7. Nc3 a4 8. cxd5 axb3 9. Qxb3 Nxd5 10. Bb2 Nb6 11. O-O O-O 12. Rab1 Be6 13. Qc2 Nc4 14.
Bc1 Qc8 15. a4 Nd7 16. Ng5 Ndb6 17. Nxe6 Qxe6 18. Rd1 Rfd8 19. e3 h5 20. h4 Ra5 21.
Ne4 Nxa4 22. Rxb7 Nab6 23. Nc5 Qd6 24. Bf1 Rxc5 25. dxc5 Qxd1 26. Qxd1 Rxd1 27. cxb6 Rxc1 28. Rb8+ Kh7 29. b7 Nd2 30. Rh8+ Bxh8 31. b8=Q Nxf1 32.
Kg2 Nxe3+ 33. fxe3 Rc2+ 34. Kf3 Rc5 35. Qe8 Rf5+ 36.
Kg2 e6 37. e4 Re5 38. Qxf7+ Bg7 39. Qc7 Rxe4 40. Qxc6 Re5 41. Qd7 Re3 42. Qf7 e5 43. Kf2 Rd3 44. Qe6 Rd8 45. Qe7 Rd4 46. Qe6 Rd2+ 47.
Ke3 Rd8 48. g4 hxg4 49. Qxg4 Bh6+ 50. Ke2 Rd2+ 51. Ke1 Rd4 52. Qe6 Bg7 53. Qe7 Rg4 54.
Ke2 e4 55. Ke3 Kh6 56. Ke2 Bd4 57. Qd8 Bg7 58. Qe7 Kh7 59. Qd8 Rf4 60. Qe7 Rg4 1/2-1/2

[Event "Late-Titled-Tuesday-Blitz-May-14-2024"]
[Site "Chess.com"]
[Date "2024.05.14"]
[Round "6"]
[White "Nouali_Mohamed"]
[Black "jbking07"]
[Result "1-0"]
[WhiteElo "2612"]
[BlackElo "2386"]
[TimeControl "180+1"]
[EndTime "15:07:29 PDT"]
[Termination "Nouali_Mohamed won by checkmate"]

1. e4 c5 2. Nf3 d6 3. d4 cxd4 4. Nxd4 Nf6 5. Nc3 g6 6. Be3 Bg7 7. f3 O-O 8. Qd2 Nc6 9. Bc4 Bd7 10. O-O-O Rc8 11. Bb3 Na5 12. Kb1 Nxb3 13. axb3 a6 14. h4 h5 15. Bh6 Kh7 16. Bxg7 Kxg7 17. f4 e5 18. Nf3 Bc6 19. fxe5 dxe5 20. Qg5 Qc7 21.
Qxe5 Qxe5 22. Nxe5 Nxe4 23. Nxc6 Nxc3+ 24. bxc3 Rxc6 25. c4 b5 26. cxb5 axb5 27. Rd5 Rfc8 28. Rc1 Rc5 29. Rxc5 Rxc5 30. Kb2 g5 31. g3 Kg6 32. Rd1 Kf5 33. hxg5 Kg4 34. Rd3 Rxg5 35. Ka3 Rc5 36.
c3 f5 37. Kb4 Re5 38. c4 bxc4 39. bxc4 h4 40. gxh4 f4 41. Rd4 Kg3 42. c5 f3 43.
Rd3 Re4+ 44. Kb5 Kg4 45. c6 f2 46. c7 Re5+ 47. Kb6 Re8 48. Rd8 Re6+ 49. Kb7 f1=Q 50. Rg8+ Kf5 51. Rf8+ Rf6 52. c8=Q+ Ke5 53. Re8+ Kd4 54.
Qd7+ Kc3 55. Re3+ Kb2 56. Qd4+ Ka2 57. Qd5+ Kb2 58. Qd4+ Ka2 59. Qd5+ Kb2 60. Qe5+ Ka2 61. Qa5+ Kb2 62. Qb4+ Ka2 63. Ra3# 1-0

[Event "Late-Titled-Tuesday-Blitz-May-14-2024"]
[Site "Chess.com"]
[Date "2024.05.14"]
[Round "6"]
[White "karinachess1"]
[Black "Viktoker"]
[Result "1-0"]
[WhiteElo "2627"]
[BlackElo "2402"]
[TimeControl "180+1"]
[EndTime "15:07:31 PDT"]
[Termination "karinachess1 won by checkmate"]

1. d4 f5 2. Nf3 Nf6 3. g3 e6 4. Bg2 Be7 5. O-O d5 6. c4 Ne4 7. Qb3 c6 8. Nc3 Nd7 9. Bf4 Nb6 10. Ne5 O-O 11. Nxe4 fxe4 12. Rad1 Kh8 13. c5 Nd7 14. Nxd7 Qxd7 15. f3 exf3 16. Rxf3 Bf6 17. Bd6 Re8 18. Rxf6 gxf6 19. Rf1 f5 20. Qe3 Qf7 21. Rf4 Rg8 22. Be5+ Rg7 23. Rh4 Kg8 24. Bf3 Bd7 25. Qf4 Qg6 26.
Bxg7 Qxg7 27. Qc7 Rf8 28. e3 Be8 29. Qd6 Bf7 30. Qe7 Re8 31. Qd6 Bg6 32. Qe5 Qxe5 33.
dxe5 b6 34. Ra4 Re7 35. Ra6 Rb7 36. cxb6 axb6 37. Kf2 Kf7 38. Ke1 Ke7 39. Kd2 Kd7 40. Kc3 c5 41. Be2 Kc6 42. Ra8 b5 43. Rc8+ Kb6 44.
b4 cxb4+ 45. Kxb4 Ra7 46. Bxb5 Rxa2 47. Rc6+ Kb7 48. Rxe6 Rxh2 49. Kc5 Rc2+ 50. Kd6 Rc7 51. Re7 Rxe7 52. Kxe7 Kb6 53. Bd7 Kc5 54. Kf6 d4 55.
exd4+ Kxd4 56. Bxf5 Be8 57. Bxh7 Ke3 58. g4 Kf4 59. g5 Bh5 60. g6 Bxg6 61. Bxg6 Kg4 62. e6 Kh4 63. e7 Kg4 64. e8=Q Kh4 65. Qe4+ Kh3 66. Kg5 Kh2 67. Qg4 Kh1 68. Kf4 Kh2 69.
Kf3 Kh1 70. Qg2# 1-0

[Event "Late-Titled-Tuesday-Blitz-May-14-2024"]
[Site "Chess.com"]
[Date "2024.05.14"]
[Round "6"]
[White "mouseslips_are_the_best"]
[Black "lilylg"]
[Result "1-0"]
[WhiteElo "2365"]
[BlackElo "2205"]
[TimeControl "180+1"]
[EndTime "15:07:33 PDT"]
[Termination "mouseslips_are_the_best won on time"]

1. e4 c6 2. d4 d5 3. Nd2 dxe4 4.
Nxe4 Bf5 5. Nc5 Qc8 6. Bd3 Bxd3 7.
Nxd3 Nf6 8. Nf3 e6 9. O-O Bd6 10.
c4 Nbd7 11. Re1 O-O 12. a3 Qc7 13. b4 Rfd8 14. c5 Bf8 15. Bf4 Qc8 16. h3 b6 17.
Nfe5 bxc5 18. bxc5 Nd5 19. Bg3 Nxe5 20. Nxe5 f6 21.
Nc4 Nc3 22. Qf3 Nb5 23. Qe4 Nxd4 24. Rad1 e5 25. Bxe5 fxe5 26. Nxe5 Bxc5 27. Rc1 Bxa3 28. Rc4 c5 29. Rb1 Qf5 30. Rxd4 Qxe4 31. Rxe4 Re8 32.
Ra4 Rxe5 33. Rxa3 c4 34. Rb7 Rc5 35. Raxa7 Rxa7 36. Rxa7 c3 37. Ra1 c2 38. Rc1 Kf7 39.
Kf1 Ke6 40. Ke2 Kd6 41. Kd3 Rd5+ 42. Kxc2 Rf5 43. f3 Ra5 44. Kd3 Ke5 45. Rc7 Kf6 46.
Ke3 h6 47. g4 g5 48. Rc6+ Kg7 49. Kf2 Ra3 50. Kg3 Kh7 51. Rc5 Kg6 52. Rf5 Kg7 53.
h4 Kg6 54. h5+ Kg7 55. Rb5 Rc3 56. Rb7+ Kf6 57. Kf2 Ke5 58. Rh7 Kf4 59. Rf7+ Ke5 60.
Ke2 Rc2+ 61. Kd3 Ra2 62. Rh7 Kf4 63. Rxh6 Kxf3 64. Rf6+ Kxg4 65. h6 Rh2 66. Ke4 Re2+ 67. Kd3 Rh2 68. Ke3 Rh3+ 69. Kf2 Rh2+ 70. Kg1 Rh5 71.
Kg2 Rh4 72. Ra6 Kh5 73. Kg3 1-0

[Event "Late-Titled-Tuesday-Blitz-May-14-2024"]
[Site "Chess.com"]
[Date "2024.05.14"]
[Round "6"]
[White "Abund"]
[Black "Squirlolz"]
[Result "1-0"]
[WhiteElo "2776"]
[BlackElo "2567"]
[TimeControl "180+1"]
[EndTime "15:07:36 PDT"]
[Termination "Abund won on time"]

1. e4 e6 2. d4 d5 3. Nd2 c5 4.
Ngf3 cxd4 5. Nxd4 Ne7 6. exd5 Nxd5 7. N2f3 Be7 8. Bd3 O-O 9. O-O Nb4 10. Be2 N4c6 11. Be3 Bd7 12. Nb5 a6 13. Nd6 Qc7 14.
Nc4 b5 15. Nb6 Ra7 16. Nxd7 Nxd7 17. Bxa7 Qxa7 18. c3 b4 19. Qa4 Ncb8 20. cxb4 Bf6 21. Rab1 Nb6 22. Qb3 Nd5 23. Rfc1 Qb6 24. a3 Nc6 25.
Qa4 Nd4 26. Nxd4 Bxd4 27. Qxa6 Bxf2+ 28. Kh1 Qe3 29. Qd3 Qh6 30. Bf3 Nf4 31. Qf1 Bg3 32. Qg1 Nd3 33. Rc2 g5 34. Rd1 Rd8 35. Rcd2 Rd4 36.
h3 Rh4 37. Qf1 Ne5 38. Kg1 g4 39. Bb7 Qe3+ 40. Kh1 gxh3 41. gxh3 Bf4 42. Bg2 Qg3 43. Qg1 Nf3 44. Rd3 Nxg1 45. Rxg3+ Bxg3 46. Kxg1 Be5 47. Rd2 Rd4 48. Rc2 Rd1+ 49. Kf2 Rb1 50. b5 Rxb2 51. Rxb2 Bxb2 52. a4 Bd4+ 53. Ke2 Bb6 54. Kd3 Kf8 55. Kc4 Ke7 56. Kb4 Kd6 57. a5 Be3 58. b6 f5 59. Kb5 e5 60. a6 e4 61. a7 1-0

[Event "Late-Titled-Tuesday-Blitz-May-14-2024"]
[Site "Chess.com"]
[Date "2024.05.14"]
[Round "6"]
[White "schondeln"]
[Black "balack95"]
[Result "1-0"]
[WhiteElo "2363"]
[BlackElo "2483"]
[TimeControl "180+1"]
[EndTime "15:07:36 PDT"]
[Termination "schondeln won on time"]

1. e4 c5 2. Nf3 e6 3. c3 Nf6 4. e5 Nd5 5. g3 Nc6 6. Bg2 Qc7 7. O-O Nxe5 8. Nxe5 Qxe5 9. d4 cxd4 10. cxd4 Qd6 11. Nd2 Nf6 12. Nc4 Qc7 13. Qe2 Be7 14. Bf4 d6 15. Rac1 Qd8 16. d5 e5 17. Bxe5 dxe5 18. d6 O-O 19. dxe7 Qxe7 20. Qxe5 Be6 21. Nd6 Rab8 22.
Nf5 Qb4 23. a3 Qb3 24. Nxg7 Ng4 25. Qf4 Kxg7 26. h3 Qxb2 27. hxg4 Qf6 28. Qe3 b6 29. g5 Qg6 30. Rc7 Kg8 31. Rxa7 Rfd8 32. Rc7 Rd3 33.
Qe5 Qg7 34. Qxg7+ Kxg7 35. Rb1 Rxa3 36. Rc6 b5 37. Rc5 b4 38. Bd5 Bf5 39. Rb2 Kg6 40. Rc7 Be6 41. Bxe6 fxe6 42. Rc4 b3 43. Rc3 Kxg5 44.
Kg2 Rb7 45. Re3 Kf5 46. Kf3 e5 47. Kg2 h5 48. Rc3 Ra2 49. Rbxb3 Rg7 50. Rf3+ Kg5 51.
Rbc3 Re2 52. Rfe3 Rxe3 53. Rxe3 Kf5 54. Rf3+ Ke4 55. Re3+ Kd4 56. Rf3 h4 57. Rf5 e4 58.
Rf4 hxg3 59. fxg3 Kd3 60. g4 e3 61. Rf6 Rd7 62. Re6 e2 63. Kg3 Kd2 64. g5 e1=Q+ 65. Rxe1 Kxe1 66. Kf4 1-0

[Event "Late-Titled-Tuesday-Blitz-May-14-2024"]
[Site "Chess.com"]
[Date "2024.05.14"]
[Round "6"]
[White "Iuckyducky"]
[Black "Hakiki_satranc"]
[Result "1/2-1/2"]
[WhiteElo "2298"]
[BlackElo "2418"]
[TimeControl "180+1"]
[EndTime "15:07:38 PDT"]
[Termination "Game drawn by repetition"]

1. e4 c5 2. Nf3 Nc6 3. Bb5 d6 4.
Bxc6+ bxc6 5. O-O Nf6 6. Re1 e5 7. c3 Be7 8. d3 O-O 9. Na3 Ne8 10. Nc4 f5 11. b4 cxb4 12. cxb4 Be6 13. Bb2 fxe4 14.
Rxe4 Bd5 15. Re3 Bg5 16. Nxg5 Qxg5 17. Rg3 Qf4 18. Qc2 Nf6 19. Nxd6 Nh5 20. Re3 Qg4 21. f3 Rxf3 22. Rxf3 Bxf3 23. Qc4+ Qxc4 24. dxc4 Bg4 25. Bxe5 Be6 26. h3 g5 27. Re1 Bd7 28. g4 Nf4 29. Bxf4 gxf4 30. Re7 Rb8 31. Rxd7 Rxb4 32.
Rxa7 Rb2 33. a4 f3 34. Ne4 Re2 35. Nf2 Rc2 36. a5 Rxc4 37. a6 Ra4 38. Ra8+ Kf7 39. a7 Kg7 40. Kh2 Ra3 41. Kg3 c5 42. Ne4 c4 43. Nc5 h6 44. Ne6+ Kh7 45. Nd4 c3 46. Nxf3 c2 47. Rc8 Rxa7 48. Rxc2 Ra3 49. Rc7+ Kg6 50.
Rc6+ Kg7 51. Kf4 Ra4+ 52. Kg3 Ra3 53. Kh4 Rxf3 54. Rc7+ Kg6 55. Rc6+ Kg7 56. Rc5 Rf2 57. Kh5 Rf7 58. h4 Rd7 59. Rc6 Rd5+ 60. g5 hxg5 61. hxg5 Rd7 62. Rb6 Kg8 63. Kg6 Rd8 64. Ra6 Rb8 65.
Kh6 Rc8 66. g6 Rb8 67. Ra7 Rc8 68. Rg7+ Kh8 69. Rh7+ Kg8 70. Rg7+ Kh8 71. Ra7 Kg8 72. Rg7+ 1/2-1/2